 Dungeon Crawl Stone Soup version 0.30-a0-187-gd9c2deaf24 (webtiles) character file.

Game seed: 12680120571190433675

270 pokeman the Magician (level 6, -1/34 HPs)
             Began as a Deep Elf Hedge Wizard on Oct 4, 2022.
             Slain by an orc
             ... wielding a +0 flail
              (7 damage)
             ... on level 4 of the Dungeon.
             The game lasted 00:07:01 (3694 turns).

pokeman the Magician (Deep Elf Hedge Wizard)        Turns: 3694, Time: 00:07:01

Health: -1/34      AC:  4    Str:  7    XL:     6   Next: 1%
Magic:  1/17       EV: 12    Int: 21    God:
Gold:   60         SH:  0    Dex: 14    Spells: 10/18 levels left

rFire   . . .      SeeInvis .    s - +1 glaive (venom)
rCold   . . .      Faith    .    (shield currently unavailable)
rNeg    . . .      Spirit   .    f - +0 leather armour
rPois   .          Reflect  .    c - +0 hat
rElec   .          Harm     .    q - scarf {shadows}
rCorr   .          Rampage  .    (no gloves)
Will    .....                    b - +0 pair of boots
Stlth   ++........               (no amulet)
HPRegen 0.25/turn                (no ring)
MPRegen 0.15/turn                (no ring)

@: no status effects
A: no striking features
a: no special abilities


You were on level 4 of the Dungeon.
You visited 1 branch of the dungeon, and saw 4 of its levels.

You collected 96 gold pieces.
You spent 36 gold pieces at shops.

Inventory:

Hand Weapons
 s - a +1 glaive of venom (weapon)
Armour
 b - a +0 pair of boots (worn)
 c - a +0 hat (worn)
 f - a +0 leather armour (worn)
 q - a scarf of shadows (worn)
Scrolls
 e - 2 scrolls of noise {unknown}
 g - a scroll of poison {unknown}
 i - a scroll of fear {unknown}
 j - 2 scrolls of teleportation {unknown}
 k - 3 scrolls of identify {unknown}
 o - 3 scrolls of enchant weapon {unknown}
 r - 2 scrolls of blinking {unknown}
Potions
 a - a potion of invisibility {unknown}
 d - a potion of magic
 h - 2 potions of curing
 l - a potion of flight {unknown}
 m - a potion of brilliance {unknown}
 n - 2 potions of lignification {unknown}
 p - 2 potions of mutation {unknown}
 t - a potion of heal wounds {unknown}


   Skills:
 - Level 1.0 Fighting
 - Level 1.0 Armour
 + Level 3.4 Dodging
 - Level 3.0 Stealth
 * Level 6.7 Spellcasting
 + Level 3.0 Conjurations
 - Level 1.1 Summonings
 - Level 1.1 Translocations
 + Level 0.0 Air Magic
 - Level 1.4 Poison Magic


You had 10 spell levels left.
You knew the following spells:

 Your Spells              Type           Power      Damage    Failure   Level
a - Magic Dart            Conj           76%        1d6       3%          1
b - Mephitic Cloud        Conj/Pois/Air  13%        N/A       22%         3
c - Call Imp              Summ           11%        N/A       13%         2
d - Blink                 Tloc           22%        N/A       13%         2

Your spell library contained the following spells:

 Spells                   Type           Power      Damage    Failure   Level
 Necrotise                Necr           28%        1d5       13%         1
 Slow                     Hex            28%        N/A       13%         1
 Cigotuvi's Dreadful Rot  Necr/Pois/Air  18%        N/A       17%         2
 Gell's Gravitas          Tloc           11%        N/A       26%         3
 Teleport Other           Tloc           11%        N/A       26%         3
 Vampiric Draining        Necr           7%         2d6       36%         3
 Agony                    Necr           7%         N/A       98%         5
 Dispersal                Tloc           5%         N/A       100%        6


Dungeon Overview and Level Annotations

Branches:
Dungeon (4/15)
 Temple: D:4-7

Altars:
Hepliaklqana
Sif Muna
Wu Jian

Shops:
D:1 *   D:3 !


Message History

Reach: s) +1 glaive (venom)
Press: ? - help, Dir - move target, f - orc
Aim: an orc, wielding a +0 club (about 50% to evade your +1 glaive of venom)
You closely miss the orc. The orc hits you with a +0 club.
Unknown command.
The orc attacks as you move away! The orc hits you but does no damage.
You completely miss the orc.
The orc priest shouts!
The orc misses you. The orc barely misses you.
The orc shouts!
The orc priest invokes the aid of Beogh against you.
Beogh smites you!
* * * LOW HITPOINT WARNING * * *
Things that are here:
a +0 long sword; a +0 chain mail You barely miss the orc.
The orc barely misses you. The orc misses you.
Unknown command.
You closely miss the orc. The orc closely misses you. x2
Unknown command.
You closely miss the orc.
The orc priest looks encouraged for a moment.
The orc hits you with a +0 club.
* * * LOW HITPOINT WARNING * * *
The orc hits you with a +0 falchion.
* * * LOW HITPOINT WARNING * * *
Unknown command.
You slash the orc!
You kill the orc!
The orc closely misses you. x2
Unknown command.
Casting: Mephitic Cloud (quite dangerous; 22% risk of failure)
Confirm with . or Enter, or press ? or * to list all spells.
You blink.
You don't have enough magic to cast this spell.
Unknown command.
The orc closely misses you.
You feel stable enough to blink again.
There is a stone staircase leading up here.
The orc hits you with a +0 flail!
You die...

#.# .. ..# ##.## .# #.#
#####...###### # .# #.#####
#K...g#......# ##..# #.##...
...###o..####.#
#...######.##.## # ##g#####K#
#.#....))......# #.##....#
#...######.....#
#.##<########..# #####.#
#....<.)..@oo..# #...
####.########..#########...
.................†.)†.o......
######.##.#####.#############
#.# # #.# #.# #.# ..# #.# ...
#.


You could see an orc priest and an orc.

Vanquished Creatures
  An orc warrior (D:4)
  3 adders
  7 gnolls
  A worm (D:2)
  3 dart slugs
  An orc (D:4)
  4 ball pythons
  7 bats
  7 endoplasms
  6 giant cockroaches
  8 goblins
  A hobgoblin (D:3)
  3 jackals (D:1)
  2 quokkas
  3 frilled lizards
  6 kobolds
  3 rats (D:2)
66 creatures vanquished.

Notes
Turn   | Place    | Note
-------+----------+-------------------------------------------
     0 | D:1      | pokeman the Deep Elf Hedge Wizard began the quest for the
                  | Orb.
     0 | D:1      | Reached XP level 1. HP: 10/10 MP: 7/7
   281 | D:1      | Reached XP level 2. HP: 15/16 MP: 1/9
   510 | D:1      | Reached skill level 5 in Spellcasting
   576 | D:1      | Found Izxit's Assorted Antiques.
   652 | D:1      | Reached XP level 3. HP: 20/20 MP: 6/11
   656 | D:1      | Learned a level 3 spell: Mephitic Cloud
   659 | D:1      | Learned a level 2 spell: Call Imp
   662 | D:1      | Learned a level 2 spell: Blink
  1473 | D:2      | Reached skill level 1 in Fighting
  1473 | D:2      | Reached skill level 1 in Armour
  1481 | D:2      | Reached XP level 4. HP: 20/25 MP: 1/13
  2092 | D:3      | Found a hazy altar of Hepliaklqana.
  2094 | D:3      | Found a shimmering blue altar of Sif Muna.
  2319 | D:3      | Found Toneyqep's Distillery.
  2326 | D:3      | Bought a potion of curing for 36 gold pieces
  2910 | D:3      | Found an ornate altar of the Wu Jian Council.
  3419 | D:4      | Noticed an orc warrior
  3637 | D:4      | Reached skill level 6 in Spellcasting
  3637 | D:4      | Reached XP level 5. HP: 29/29 MP: 10/15
  3646 | D:4      | HP: 1/29 [poisoned by an adder]
  3679 | D:4      | Killed an orc warrior
  3680 | D:4      | Reached skill level 1 in Poison Magic
  3680 | D:4      | Reached XP level 6. HP: 20/34 MP: 0/17
  3694 | D:4      | Slain by an orc

Illustrated notes

Levels and vault maps discovered:
D:1:      psy_arrival_fountain, layout_rooms, serial_shops, shop_fountains
D:2:      layout_loops_cross
D:3:      layout_basic, nicolae_wu_jian_wuxing_cycle,
          chequers_temple_overflow_statue_of_worship, serial_shops, shop,
          roderic_lattice_a
D:4:      layout_loops_ring, gammafunk_ghost_gnarly_gnolls,
          minmay_joined_circles, uniq_menkaure

Skill      XL: |  1  2  3  4  5 |
---------------+----------------+-----
Spellcasting   | 5 6 |  6.7
Conjurations   | 2 3 |  3.0
Fighting       | 1 |  1.0
Armour         | 1 |  1.0
Stealth        | 3 |  3.0
Dodging        | 3 |  3.4
Poison Magic   | 1 |  1.4
Summonings     | |  1.1
Translocations | |  1.1

Action                   |  1- 3 |  4- 6 || total
-------------------------+-------+-------++-------
Melee: Dagger            |    29 |     6 ||    35
       Spear             |     3 |       ||     3
       Punch             |     1 |       ||     1
       Glaive            |       |    25 ||    25
 Cast: Magic Dart        |    68 |    38 ||   106
       Mephitic Cloud    |     4 |     5 ||     9
       Blink             |       |     2 ||     2
  Use: Potion            |       |     2 ||     2
 Stab: Confused          |     3 |       ||     3
       Sleeping          |       |     1 ||     1
Armor: Robe              |     5 |     2 ||     7
       Leather armour    |       |    10 ||    10
Dodge: Dodged            |    34 |    37 ||    71

Table legend: (Time is in decaauts)
 A = Elapsed time spent in this place.
 B = Non-inter-level travel time spent in this place.
 C = Inter-level travel time spent in this place.
 D = Time resting spent in this place.
 E = Time spent auto-exploring this place.
 F = Levels seen in this place.
 G = Mean time per level.
                   A        B        C        D        E       F      G
               +--------+--------+--------+--------+--------+-----+--------+
         Total |   3711 |   3471 |    240 |    163 |   2847 |   4 |  927.8 |
       Dungeon |   3711 |   3471 |    240 |    163 |   2847 |   4 |  927.8 |
               +--------+--------+--------+--------+--------+-----+--------+

Top non-repeatable levels by time:
     D:3: 1556 daAuts
     D:2: 1086 daAuts
     D:1: 946 daAuts
     D:4: 122 daAuts
